 Dungeon Crawl Stone Soup version 0.20-a0-1122-gb7cbeb9 (webtiles) character file.

142 rgaf the Cutter (level 5, -2/35 HPs)
             Began as a Halfling Berserker on May 11, 2017.
             Was a Priest of Trog.
             Slain by a hornet (5 damage)
             ... on level 4 of the Dungeon.
             The game lasted 00:04:12 (3601 turns).

rgaf the Cutter (Halfling Berserker)                Turns: 3601, Time: 00:04:13

Health: -2/35      AC:  6    Str: 18    XL:     5   Next: 50%
Magic:  5/5        EV: 14    Int:  6    God:    Trog [***...]
Gold:   101        SH:  0    Dex: 14    Spells: 4/4 levels left

rFire    . . .     SeeInvis .   a - +0 short sword
rCold    . . .     Gourm    .   (shield restricted)
rNeg     . . .     Faith    .   r - +0 ring mail
rPois    .         Spirit   .   (no helmet)
rElec    .         Reflect  .   p - +0 cloak (curse)
rCorr    .         Harm     .   (no gloves)
MR       .....                  (no boots)
Stlth    +.........             (no amulet)
Regen    0.2/turn               k - ring of flight
MPRegen  0.1/turn               s - ring of wizardry

@: slowed, very slow
A: mutation resistance 1
a: Berserk, Trog's Hand, Burn Spellbooks, Renounce Religion, Evoke Flight


You were on level 4 of the Dungeon.
You worshipped Trog.
Trog was most pleased with you.
You were not hungry.

You visited 1 branch of the dungeon, and saw 4 of its levels.

You collected 101 gold pieces.

Inventory:

Hand Weapons
 a - a +0 short sword (weapon)
Missiles
 g - 20 poisoned needles
Armour
 b - a +0 animal skin
 p - a cursed +0 cloak (worn)
 r - a +0 ring mail (worn)
Jewellery
 k - a ring of flight (left hand)
 s - a ring of wizardry (right hand)
Scrolls
 h - a scroll of enchant weapon {unknown}
 j - a scroll of recharging {unknown}
 m - 4 scrolls of remove curse {unknown}
 n - a scroll of blinking {unknown}
 o - a scroll of immolation {unknown}
 t - a scroll of enchant armour {unknown}
 v - 2 scrolls of identify {unknown}
Potions
 d - a potion of might {unknown}
 e - a potion of berserk rage {unknown}
 f - 2 potions of curing {unknown}
 i - 3 potions of haste {unknown}
 l - a potion of mutation {unknown}
 q - a potion of brilliance {unknown}
Comestibles
 c - 3 bread rations
 w - a meat ration


   Skills:
 - Level 2.6 Fighting
 + Level 5.1 Short Blades
 * Level 3.6 Throwing
 - Level 2.1 Armour
 - Level 2.1 Dodging


You had 4 spell levels left.
You didn't know any spells.

Dungeon Overview and Level Annotations

Branches:
Dungeon (4/15)             Temple (0/1) D:4

Altars:


Innate Abilities, Weirdness & Mutations

You are small and have problems with some larger weapons.
You are somewhat resistant to further mutation.


Message History

The hornet barely misses you.
You closely miss the hornet.
The hornet is severely wounded.
The hornet stings you but does no damage.
You hit the hornet.
The hornet is almost dead.
The hornet stings you!
* * * LOW HITPOINT WARNING * * *
You feel as though you will be slow longer.
The hornet stings you.
* * * LOW HITPOINT WARNING * * *
You feel as though you will be slow longer.
You are too berserk!
You hit the hornet.
The hornet is almost dead.
You are no longer berserk.
You are exhausted.
You feel as though you will be slow longer.
The hornet stings you.
You die...

..####. #.# .........
.#..%.#.###.#
.#.#.#.#.#....#..#..##.#
...........##....##.##.#
.#.......#)# #.>...#.#
...........## #.##...<.
.#...>...#..# #..).....
..)...y.....# #........
#.....@.#..# #.....#..
.........(..####.###....
.#)#.#.#.#..##...# ####.
.............### .
#...#####...### . ...##
#.### ## .!)# #####


You could see a hornet.

Vanquished Creatures
  Crazy Yiuf (D:3)
  4 adders
  3 worms
  A leopard gecko (D:1)
  2 orcs
  5 ball pythons
  6 bats
  6 giant cockroaches
  10 goblins
  5 hobgoblins
  6 jackals
  6 kobolds
  5 frilled lizards
  8 rats
68 creatures vanquished.

Notes
Turn   | Place    | Note
-------+----------+-------------------------------------------
     0 | D:1      | rgaf the Halfling Berserker began the quest for the Orb.
     0 | D:1      | Reached XP level 1. HP: 15/15 MP: 1/1
    54 | D:1      | Reached XP level 2. HP: 18/20 MP: 2/2
    55 | D:1      | Reached skill level 1 in Throwing
   242 | D:1      | Reached skill level 4 in Short Blades
   327 | D:1      | Reached XP level 3. HP: 19/25 MP: 3/3
   542 | D:1      | Reached ** piety under Trog
  1190 | D:2      | Found a faded altar of an unknown god.
  1380 | D:2      | Reached XP level 4. HP: 8/30 MP: 4/4
  2848 | D:3      | Reached XP level 5. HP: 35/35 MP: 5/5
  2944 | D:3      | Reached *** piety under Trog
  2944 | D:3      | Reached skill level 5 in Short Blades
  2992 | D:3      | Found a runed door.
  3280 | D:3      | Noticed Crazy Yiuf
  3289 | D:3      | Killed Crazy Yiuf
  3576 | D:4      | Found a staircase to the Ecumenical Temple.
  3580 | D:4      | Noticed a hornet
  3600 | D:4      | HP: 2/52 [hornet (2)]
  3601 | D:4      | Slain by a hornet

Vault maps used:
D:1:      lemuel_arrival_lava_pool
D:2:      chequers_ecumenical_altar_simple, minmay_misc_feat_roman
D:3:      uniq_crazy_yiuf_cottage
D:4:      minmay_temple_entry_glass, first_bread

Skill      XL: |  1  2  3  4  5 |
---------------+----------------+-----
Throwing       | 1 2 3 |  3.6
Short Blades   | 4 5 |  5.1
Fighting       | |  2.6
Armour         | |  2.1
Dodging        | |  2.1

Action                   |  1- 3 |  4- 6 || total
-------------------------+-------+-------++-------
Melee: Short sword       |   115 |   141 ||   256
Invok: Berserk           |     1 |     2 ||     3
 Stab: Sleeping          |     2 |     1 ||     3
  Eat: Chunk             |     2 |     8 ||    10
       Fruit             |       |     1 ||     1
Armor: Animal skin       |    18 |     2 ||    20
       Ring mail         |       |    24 ||    24
Dodge: Dodged            |    88 |    76 ||   164
